 Dungeon Crawl Stone Soup version 0.20.1-1-g8b1a95d (webtiles) character file.

1656 NoNouf the Conjurer (level 8, -1/41 HPs)
             Began as a Deep Elf Ice Elementalist on July 29, 2017.
             Slain by an ogre
             ... wielding a +0 giant club
              (26 damage)
             ... on level 6 of the Dungeon.
             The game lasted 00:51:37 (8830 turns).

NoNouf the Conjurer (Deep Elf Ice Elementalist)     Turns: 8830, Time: 00:51:37

Health: -1/41      AC:  3    Str:  5    XL:     8   Next: 68%
Magic:  12/17      EV: 16    Int: 21    God:
Gold:   262        SH:  0    Dex: 18    Spells: 9/16 levels left

rFire    . . .     SeeInvis .   q - +0 blowgun
rCold    + . .     Gourm    .   (no shield)
rNeg     . . .     Faith    .   a - +0 robe
rPois    .         Spirit   .   (no helmet)
rElec    +         Reflect  .   (no cloak)
rCorr    .         Harm     .   t - +0 pair of gloves of the Sea {rElec rC+ Dex-4 Slay+6} (curse)
MR       .....                  (no boots)
Stlth    +++.......             (no amulet)
Regen    0.2/turn               p - +5 ring of dexterity
MPRegen  0.2/turn               (no ring)

@: no status effects
A: no striking features
a: no special abilities


You were on level 6 of the Dungeon.
You were not hungry.

You visited 1 branch of the dungeon, and saw 6 of its levels.

You collected 262 gold pieces.

Inventory:

Hand Weapons
 k - a +0 vampiric whip
 q - a +0 blowgun (weapon)
 z - a +0 whip of flaming
Missiles
 e - 182 stones
 r - 22 poisoned needles (quivered)
Armour
 a - a +0 robe (worn)
 t - the cursed +0 pair of gloves of the Sea (worn) {rElec rC+ Dex-4 Slay+6}
   (You found it on level 4 of the Dungeon)

   It affects your dexterity (-4).
   It affects your accuracy and damage with ranged weapons and melee attacks
   (+6).
   It protects you from cold.
   It insulates you from electricity.
   It has a curse placed upon it.
Jewellery
 h - an uncursed ring of flight
 p - a +5 ring of dexterity (left hand)
Wands
 i - a wand of confusion (48/48)
 n - a wand of disintegration (0/24)
Scrolls
 j - a scroll of enchant armour
 m - 2 scrolls of fog
 x - a scroll of remove curse
 y - a scroll of enchant weapon {unknown}
Potions
 f - a potion of haste
 l - a potion of heal wounds {unknown}
 o - a potion of might
 u - a potion of curing
 v - a potion of flight
Books
 b - a book of Frost

   Spells                             Type                      Level
   a - Freeze                         Ice                          1
   b - Throw Frost                    Conjuration/Ice              2
   c - Ozocubu's Armour               Charms/Ice                   3
   d - Throw Icicle                   Conjuration/Ice              4
   e - Summon Ice Beast               Ice/Summoning                4
Comestibles
 c - 4 bread rations
 d - 6 fruits
 g - 2 royal jellies
 s - 4 meat rations


   Skills:
 + Level 5.9 Dodging
 - Level 5.5 Stealth
 + Level 4.6 Spellcasting
 - Level 6.6 Conjurations
 - Level 5.1 Ice Magic
 - Level 5.7 Evocations


You had 9 spell levels left.
You knew the following spells:

 Your Spells              Type           Power        Failure   Level  Hunger
a - Freeze                Ice            ####         1%          1    None
b - Throw Frost           Conj/Ice       ####..       1%          2    #......
c - Throw Icicle          Conj/Ice       ####....     10%         4    ####...


Dungeon Overview and Level Annotations

Branches:
Dungeon (6/15)
 Temple: D:4-7

Altars:
Dithmenos
Elyvilon
Gozag
Kikubaaqudgha
Nemelex Xobeh
Qazlal
Yredelemnul


Message History

The bullfrog is almost dead.
The bullfrog hits you! The bullfrog barely misses you.
Casting: Freeze
Confirm with . or Enter, or press ? or * to list all spells.
Aiming: Freeze
Press: ? - help, Shift-Dir - straight line, f/p - bullfrog
Aim: a bullfrog (almost dead)
You freeze the bullfrog.
The bullfrog is almost dead.
The bullfrog hits you.
Casting: Freeze
Confirm with . or Enter, or press ? or * to list all spells.
Aiming: Freeze
Press: ? - help, Shift-Dir - straight line, f/p - bullfrog
Aim: a bullfrog (almost dead)
You freeze the bullfrog.
You kill the bullfrog!
The ogre hits you with a giant club!!
Ouch! That really hurt!
You die...

##..#.#########.#
...o...........# # #
##.?#.#########.# # #.
#...O....# #.# # #..#........#
#.# # #...........# #.# #
#...........# #)# #
###.#..#.#########.##########
............†@.........)....##
####....#...O.................
##...#.#######..########.##
#.<.#.# ##..##.## #.## #...#.#
#....#..# #.## ##..#.#
#_.⌠.##.# #.## #..#.#
#.....#.# #.## #..#.#
##....#.# #.## #.# #⌠...'.#
#.##


You could see an ogre.

Vanquished Creatures
  Sigmund (D:2)
  3 ogres
  A centaur (D:6)
  3 bullfrogs
  2 gnoll sergeants
  A scorpion (D:5)
  A howler monkey (D:5)
  2 crimson imps (D:5)
  2 hounds
  A bullfrog skeleton (D:5)
  An orc wizard (D:2)
  An iguana (D:5)
  Natasha (twice) (D:2)
  7 worker ants
  A killer bee zombie (D:6)
  A hound skeleton (D:4)
  11 gnolls
  10 adders
  An ooze (D:1)
  An adder skeleton (D:4)
  4 worms
  3 dart slugs
  5 leopard geckos
  9 orcs
  2 ball pythons
  10 bats
  5 giant cockroaches
  9 goblins
  9 hobgoblins
  3 jackals (D:3)
  6 kobolds
  2 quokkas
  3 frilled lizards
  7 rats
130 creatures vanquished.

Notes
Turn   | Place    | Note
-------+----------+-------------------------------------------
     0 | D:1      | NoNouf the Deep Elf Ice Elementalist began the quest for the Orb.
     0 | D:1      | Reached XP level 1. HP: 10/10 MP: 6/6
   289 | D:1      | Reached XP level 2. HP: 14/15 MP: 6/8
   295 | D:1      | Learned a level 2 spell: Throw Frost
   975 | D:1      | Reached XP level 3. HP: 19/19 MP: 2/9
  1460 | D:2      | Found an ancient bone altar of Kikubaaqudgha.
  1635 | D:2      | Found a sparkling altar of Nemelex Xobeh.
  1652 | D:2      | Noticed Sigmund
  1663 | D:2      | Killed Sigmund
  1663 | D:2      | Reached skill level 5 in Stealth
  1663 | D:2      | Reached skill level 3 in Conjurations
  1663 | D:2      | Reached XP level 4. HP: 15/24 MP: 1/10
  1663 | D:2      | Reached XP level 5. HP: 18/28 MP: 1/11
  1669 | D:2      | Learned a level 4 spell: Throw Icicle
  1875 | D:2      | Found an opulent altar of Gozag.
  2381 | D:2      | Noticed Natasha
  2394 | D:2      | Killed Natasha
  2691 | D:2      | Noticed Natasha
  2696 | D:2      | Killed Natasha
  2696 | D:2      | Reached skill level 4 in Conjurations
  2696 | D:2      | Reached XP level 6. HP: 23/32 MP: 5/12
  3358 | D:3      | Found a shadowy altar of Dithmenos.
  4465 | D:5      | Entered Level 5 of the Dungeon
  4706 | D:4      | Got a bloodstained chain mail
  4956 | D:4      | Reached XP level 7. HP: 35/36 MP: 1/15
  5094 | D:4      | Reached skill level 5 in Ice Magic
  5460 | D:4      | Got a pair of ancient gloves
  5809 | D:4      | Reached skill level 5 in Conjurations
  6046 | D:5      | Reached skill level 5 in Dodging
  6411 | D:5      | Found a basalt altar of Yredelemnul.
  6428 | D:5      | Reached skill level 6 in Conjurations
  6927 | D:5      | Identified the cursed +0 pair of gloves of the Sea {rElec rC+ Dex-4 Slay+6} (You found it on level 4 of the Dungeon)
  6947 | D:5      | Reached XP level 8. HP: 41/41 MP: 9/16
  7038 | D:5      | Reached skill level 1 in Evocations
  8444 | D:6      | Reached skill level 5 in Evocations
  8783 | D:6      | Found a stormy altar of Qazlal.
  8783 | D:6      | Found a white marble altar of Elyvilon.
  8830 | D:6      | Slain by an ogre

Skill      XL: |  1  2  3  4  5  6  7  8 |
---------------+-------------------------+-----
Stealth        | 3 5 |  5.5
Dodging        | 3 4 5 |  5.9
Conjurations   | 3 4 6 |  6.6
Ice Magic      | 4 5 |  5.1
Spellcasting   | 4 |  4.6
Evocations     | 5 |  5.7

Action                   |  1- 3 |  4- 6 |  7- 9 || total
-------------------------+-------+-------+-------++-------
Melee: Whip              |       |       |    12 ||    12
 Fire: Blowgun           |       |     1 |    22 ||    23
Throw: Stone             |    36 |     5 |       ||    41
 Cast: Freeze            |    14 |    45 |    48 ||   107
       Throw Frost       |    27 |    79 |    70 ||   176
       Throw Icicle      |       |     3 |    21 ||    24
Evoke: Wand              |       |       |     2 ||     2
  Use: Scroll            |     2 |     6 |     3 ||    11
       Potion            |     1 |       |     3 ||     4
  Eat: Chunk             |     3 |    14 |    16 ||    33
       Fruit             |       |       |     2 ||     2
Armor: Robe              |       |    11 |     5 ||    16
Dodge: Dodged            |     4 |    45 |    53 ||   102
